 Dungeon Crawl Stone Soup version 0.27.1-3-gb3d3a73c9e (webtiles) character file.

Game seed: 6874155546555006302

240 CuBeRJAN3 the Skirmisher (level 5, -2/43 HPs)
             Began as a Demonspawn Berserker on Oct 8, 2021.
             Was a Believer of Trog.
             Slain by a gnoll (6 damage)
             ... on level 3 of the Dungeon.
             The game lasted 00:14:14 (4347 turns).

CuBeRJAN3 the Skirmisher (Demonspawn Berserker)     Turns: 4347, Time: 00:14:15

Health: -2/43      AC: 13    Str: 18    XL:     5   Next: 80%
Magic:  5/5        EV:  6    Int:  8    God:    Trog [**....]
Gold:   160        SH:  0    Dex: 13    Spells: 4/4 levels left

rFire    x . .     SeeInvis .   a - +0 hand axe
rCold    + . .     Faith    .   (no shield)
rNeg     . . .     Spirit   .   o - +0 plate armour
rPois    .         Reflect  .   e - +0 helmet
rElec    .         Harm     .   (no cloak)
rCorr    .         Rampage  .   (no gloves)
Will     +....                  d - +0 pair of boots
Stlth    ..........             (no amulet)
HPRegen  0.14/turn              b - ring of willpower
MPRegen  0.09/turn              h - ring of ice

@: silenced
A: powered by pain 1
a: Renounce Religion


You were on level 3 of the Dungeon.
You worshipped Trog.
Trog was pleased with you.
You visited 1 branch of the dungeon, and saw 4 of its levels.

You collected 160 gold pieces.

Inventory:

Hand Weapons
 a - a +0 hand axe (weapon)
Armour
 d - a +0 pair of boots (worn)
 e - a +0 helmet (worn)
 o - a +0 plate armour (worn)
Jewellery
 b - a ring of willpower (left hand)
 h - a ring of ice (right hand)
 l - a ring of ice
Wands
 j - a wand of digging (6)
 p - a wand of paralysis (9)
Scrolls
 m - a scroll of amnesia
 q - a scroll of teleportation {unknown}
Potions
 c - 2 potions of invisibility
 f - a potion of mutation {unknown}
 g - a potion of attraction {unknown}
 k - a potion of curing {unknown}


   Skills:
 * Level 4.5 Fighting
 * Level 4.0 Axes
 + Level 2.7 Armour
 + Level 2.7 Dodging


You had 4 spell levels left.
You didn't know any spells.
Your spell library was empty.

Dungeon Overview and Level Annotations

Branches:
Dungeon (4/15)             Temple (0/1) D:4

Altars:

Annotations:
D:4 Sigmund


Innate Abilities, Weirdness & Mutations

You sometimes gain a little power by taking damage.


Message History

There is a stone staircase leading up here.
You climb upwards.
The goblin shouts!
Reactivating autopickup.
You hear a shout! x4
A gnoll comes into view. It is wielding a +0 club.
The phantom hits you but does no damage.
A gnoll comes into view. It is wielding a +0 halberd.
There is a stone staircase leading down here.
The phantom barely misses you.
There is a stone staircase leading up here.
The phantom hits you.
The phantom blinks!
You blink.
You stop ascending the stairs.
The gnoll hits you from afar with a +0 halberd.
The gnoll hits you but does no damage. The gnoll hits you but does no damage.
As you read the scroll labelled SUNECI OLETE, it crumbles to dust.
It is a scroll of amnesia.
You feel forgetful for a moment. The phantom barely misses you.
The gnoll hits you from afar with a +0 halberd.
As you read the scroll labelled TAONOJ YHINA, it crumbles to dust.
The scroll dissolves into smoke.
It was a scroll of fog.
The phantom barely misses you. The gnoll barely misses you.
Unknown command.
As you read the scroll labelled VAF URHUDDIGU, it crumbles to dust.
A profound silence engulfs you.
It was a scroll of silence.
The phantom hits you but does no damage.
The gnoll barely misses you.
Magic scrolls do not work when you're silenced!
Magic scrolls do not work when you're silenced!
You closely miss the phantom. The phantom barely misses you.
The gnoll hits you from afar with a +0 halberd.
You completely miss the phantom. The phantom hits you.
* * * LOW HITPOINT WARNING * * *
The phantom blinks!
The gnoll hits you but does no damage.
You closely miss the phantom. The phantom hits you.
* * * LOW HITPOINT WARNING * * *
The phantom blinks!
The gnoll hits you from afar with a +0 halberd.
You die...

..#.#.........
###.#..#####..#
........# ...#
.....#...# #.#
.....##..$.. .#
.....# #).(# #
.....# ....#
.....#. .#... ###
........ #.. #@#
.......#### #W#
###'#...... ###g#
# ........#
#§§§#.# #
........##.#§###.#
##...#....##.#g#
.#
'...##....##.#.#
.#
#########W##.#.#
.# ..#..
..#.##.#g# .#


You could see a phantom and a gnoll.

Vanquished Creatures
  A howler monkey (D:3)
  A hound (D:4)
  Natasha (thrice) (D:4)
  3 adders
  An adder skeleton (D:4)
  A worm (D:4)
  A dart slug (D:3)
  An orc (D:4)
  4 ball pythons
  5 endoplasms
  5 giant cockroaches
  4 goblins
  13 hobgoblins
  2 jackals (D:2)
  2 quokkas
  5 bats
  3 frilled lizards (D:1)
  6 kobolds
  5 rats
66 creatures vanquished.

Notes
Turn   | Place    | Note
-------+----------+-------------------------------------------
     0 | D:1      | CuBeRJAN3 the Demonspawn Berserker began the quest for the
                  | Orb.
     0 | D:1      | Reached XP level 1. HP: 18/18 MP: 1/1
   580 | D:1      | Gained mutation: You sometimes gain a little power by
                  | taking damage. [demonic ancestry]
   580 | D:1      | Reached XP level 2. HP: 24/24 MP: 2/2
  1269 | D:2      | Reached ** piety under Trog
  1311 | D:2      | Reached XP level 3. HP: 6/29 MP: 3/3
  2440 | D:3      | Noticed a phantom
  2569 | D:3      | Noticed an ogre
  2570 | D:3      | Found a faded altar of an unknown god.
  2993 | D:3      | Reached XP level 4. HP: 35/35 MP: 4/4
  3273 | D:4      | Found a staircase to the Ecumenical Temple.
  3296 | D:4      | Reached XP level 5. HP: 33/42 MP: 5/5
  3562 | D:4      | Noticed Natasha
  3604 | D:4      | Killed Natasha
  3779 | D:4      | Noticed Sigmund
  3800 | D:4      | Noticed Natasha
  3834 | D:4      | Killed Natasha
  3978 | D:4      | Noticed Natasha
  3993 | D:4      | Killed Natasha
  4347 | D:3      | Slain by a gnoll

Illustrated notes

Levels and vault maps discovered:
D:1:      mrwooster_arrival_arrow, layout_basic, minmay_misc_feat_secret_circle,
          minmay_tall_x
D:2:      layout_rooms
D:3:      layout_basic, mainiacjoe_overflow_alcove_4, basic_ecumenical_altar,
          minmay_circle_x
D:4:      layout_basic, minmay_temple_entry_statues_fountains, enter_ossuary_2,
          uniq_sigmund, uniq_natasha

Skill      XL: |  1  2  3  4  5 |
---------------+----------------+-----
Axes           | 3 4 |  4.0
Dodging        | 2 |  2.7
Armour         | 2 |  2.7
Fighting       | 4 |  4.5

Action                   |  1- 3 |  4- 6 || total
-------------------------+-------+-------++-------
Melee: Hand axe          |   173 |   101 ||   274
Invok: Berserk           |       |     1 ||     1
  Use: Scroll            |     2 |     3 ||     5
       Potion            |       |     1 ||     1
 Stab: Sleeping          |     4 |       ||     4
Armor: Animal skin       |    31 |       ||    31
       Scale mail        |    23 |    43 ||    66
       Plate armour      |       |    10 ||    10
Dodge: Dodged            |   110 |    55 ||   165
